 Dungeon Crawl Stone Soup version 0.29.1-15-g9cfb28693d (webtiles) character file.

Game seed: 4572848072465376407

59 CrabNicholson the Digger (level 3, -6/19 HPs)
             Began as a Deep Elf Earth Elementalist on Mar 17, 2023.
             Killed by divine providence
             ... invoked by an orc priest
              (13 damage)
             ... on level 4 of the Dungeon.
             The game lasted 00:08:51 (1605 turns).

CrabNicholson the Digger (DEEE)                     Turns: 1605, Time: 00:08:52

Health: -6/19      AC:  3    Str:  4 (5)  XL:     3   Next: 78%
Magic:  10/10      EV: 13    Int: 18 (19) God:
Gold:   152        SH:  0    Dex: 15 (17) Spells: 8/9 levels left

rFire   . . .      SeeInvis .   k - +2 dagger (protect)
rCold   . . .      Faith    .   (no shield)
rNeg    . . .      Spirit   .   a - +0 robe
rPois   .          Reflect  .   (no helmet)
rElec   .          Harm     .   (no cloak)
rCorr   .          Rampage  .   (no gloves)
Will    .....                   i - +0 pair of boots
Stlth   ++........              (no amulet)
HPRegen 0.06/turn               (no ring)
MPRegen 0.12/turn               (no ring)

@: no status effects
A: no striking features
a: no special abilities


You were on level 4 of the Dungeon.
You visited 1 branch of the dungeon, and saw 4 of its levels.

You collected 152 gold pieces.

Inventory:

Hand Weapons
 d - a +0 dagger
 k - a +2 dagger of protection (weapon)
Missiles
 c - 19 stones
Armour
 a - a +0 robe (worn)
 i - a +0 pair of boots (worn)
Jewellery
 j - a ring of positive energy
Scrolls
 e - a scroll of magic mapping {unknown}
 o - 2 scrolls of blinking
Potions
 b - 4 potions of magic
 h - a potion of resistance


   Skills:
 + Level 0.1 Fighting
 + Level 0.9 Short Blades
 + Level 3.0 Dodging
 + Level 2.8 Stealth
 + Level 3.6 Spellcasting
 + Level 1.1 Transmutations
 + Level 4.2 Earth Magic


You had 8 spell levels left.
You knew the following spells:

 Your Spells              Type           Power      Damage    Failure   Level
a - Sandblast             Erth           36%        2d10      2%          1

Your spell library contained the following spells:

 Spells                   Type           Power      Damage    Failure   Level
 Passwall                 Tmut/Erth      10%        N/A       8%          2
 Stone Arrow              Conj/Erth      20%        3d8       19%         3
 Petrify                  Tmut/Erth      12%        N/A       45%         4


Dungeon Overview and Level Annotations

Branches:
Dungeon (4/15)
 Temple: D:4-7

Altars:


Message History

Press: ? - help, Shift-Dir - straight line, f - endoplasm
Aim: an endoplasm (98% to hit)
The blast of sand hits the endoplasm!
You kill the endoplasm!
Found a stone staircase leading down.
There is a stone staircase leading down here.
You climb downwards.
Found a leather armour.
Found a stone staircase leading down.
There is a stone staircase leading up here.
There is a stone staircase leading down here.
You climb downwards.
Found 18 gold pieces.
Found a stone staircase leading down.
There is a stone staircase leading up here.
You see here 18 gold pieces.
You now have 152 gold pieces (gained 18).
Casting: Sandblast (safe; 2% risk of failure)
Confirm with . or Enter, or press ? or * to list all spells.
Aiming: Sandblast (safe; 2% risk of failure)
Press: ? - help, Shift-Dir - straight line, f - adder
Aim: an adder (70% to hit)
The blast of sand hits the adder!
You kill the adder!
Your Dodging skill increases to level 3!
Found 18 gold pieces.
A hound comes into view.
There is a stone staircase leading down here. 2 orcs and an orc priest come into view.
An orc is wielding a +2 dagger of venom.
The orc shouts!
The orc priest shouts!
You hear a shout!
An orc priest comes into view. It is wielding a +0 morningstar.
The orc priest moves out of view.
The orc shouts!
You hear a bark!
An orc wizard comes into view. It is wielding a +0 dagger.
The orc priest invokes the aid of Beogh against you.
Beogh smites you!
Ouch! That really hurt!
The orc priest mumbles some strange prayers to Beogh against you.
Beogh smites you!
Ouch! That really hurt!
You die...

.................
#.#.....<........
#............##..
.........>......h
...........#.....
...######..#.##..
...........# #
......##..o#.##..
.......@.o.o.o.
.......$....o..
≈≈.............
≈≈≈.##.........
≈≈≈. #.........
≈≈≈ #.......#. ≈≈
#.#.....# #.
.....#


You could see 2 orc priests, an orc wizard and 2 orcs.

Vanquished Creatures
  2 adders
  3 ball pythons (D:1)
  A bat (D:1)
  3 endoplasms (D:2)
  3 giant cockroaches
  3 goblins
  7 hobgoblins
  3 jackals (D:2)
  4 kobolds
  2 quokkas
  A frilled lizard (D:1)
  5 rats
37 creatures vanquished.

Notes
Turn   | Place    | Note
-------+----------+-------------------------------------------
     0 | D:1      | CrabNicholson the Deep Elf Earth Elementalist began the
                  | quest for the Orb.
     0 | D:1      | Reached XP level 1. HP: 10/10 MP: 6/6
   236 | D:1      | Reached XP level 2. HP: 15/15 MP: 5/8
   764 | D:2      | Reached skill level 4 in Earth Magic
   764 | D:2      | Reached XP level 3. HP: 15/19 MP: 6/9
  1605 | D:4      | Killed from afar by an orc priest

Illustrated notes

Levels and vault maps discovered:
D:1:      psy_arrival_statuary, layout_basic
D:2:      layout_rooms
D:3:      minmay_chambers_of_twos, layout_basic,
          hellmonk_ecumenical_altar_heavens_door, serial_shops,
          nicolae_shop_trees
D:4:      layout_basic, temple_pool_b, serial_bayou, serial_bayou_shore_b,
          serial_bayou_lagoon_a, serial_bayou_shore_a, serial_bayou_shore_b

Skill      XL: |  1  2  3 |
---------------+----------+-----
Earth Magic    | 4 |  4.2
Dodging        | 3 |  3.0
Fighting       | |  0.1
Short Blades   | |  0.9
Stealth        | |  2.8
Spellcasting   | |  3.6
Transmutations | |  1.1

Action                   || total
-------------------------++-------
Melee: Dagger            ||    47
       Punch             ||     2
 Cast: Sandblast         ||    32
  Use: Potion            ||     6
       Scroll            ||     3
Armor: Robe              ||     9
Dodge: Dodged            ||    42
